 Dungeon Crawl Stone Soup version 0.23.1 (webtiles) character file.

Game seed: 18264887435014382994

1008 Folque the Digger (level 8, -2/64 HPs)
             Began as a Yellow Draconian Earth Elementalist on Mar 17, 2019.
             Slain by Pikel
             ... wielding a +2 whip of freezing
              (6 damage)
             ... on level 5 of the Dungeon.
             The game lasted 00:17:55 (4826 turns).

Folque the Digger (DrEE)                            Turns: 4826, Time: 00:17:56

Health: -2/64      AC:  6    Str: 11    XL:     8   Next: 1%
Magic:  1/14       EV: 13    Int: 17    God:
Gold:   322        SH:  0    Dex: 12    Spells: 4/15 levels left

rFire    . . .     SeeInvis .   e - +1 dagger (venom)
rCold    . . .     Gourm    .   (no shield)
rNeg     . . .     Faith    .   (armour unavailable)
rPois    .         Spirit   .   (helmet restricted)
rElec    .         Reflect  .   (no cloak)
rCorr    +         Harm     .   (no gloves)
MR       .....                  (no boots)
Stlth    ++........             (no amulet)
HPRegen  0.20/turn              (no ring)
MPRegen  0.14/turn              (no ring)

@: slowed, very slow
A: spit acid, unfitting armour, cold-blooded, acid resistance, AC +6
a: Breathe Acid


You were on level 5 of the Dungeon.
You were not hungry.

You visited 1 branch of the dungeon, and saw 5 of its levels.

You collected 322 gold pieces.

Inventory:

Hand Weapons
 e - a +1 dagger of venom (weapon)
 g - a cursed -3 dagger
 v - the cursed +3 hand axe of Pandemonium {chop, rC- Str+2 Dex+3}
   (You found it on level 5 of the Dungeon)

   It inflicts extra damage upon your enemies.
   It affects your strength (+2).
   It affects your dexterity (+3).
   It makes you vulnerable to cold.
   It has a curse placed upon it.
Missiles
 b - 181 stones (quivered)
 p - a throwing net
Armour
 w - a +0 cloak
Jewellery
 d - an uncursed amulet of regeneration {unknown}
 s - an uncursed amulet of faith {unknown}
Wands
 r - a wand of enslavement (12)
Scrolls
 h - 3 scrolls of identify
 i - 2 scrolls of amnesia {unknown}
 j - a scroll of immolation {unknown}
 k - a scroll of noise {unknown}
 l - 2 scrolls of remove curse
 m - a scroll of magic mapping {unknown}
 q - a scroll of blinking {unknown}
 u - a scroll of enchant armour {unknown}
Potions
 a - a potion of ambrosia
 f - a potion of invisibility {unknown}
 n - a potion of curing {unknown}
 o - 2 potions of degeneration {unknown}
 t - a potion of heal wounds {unknown}
 x - 2 potions of lignification
Comestibles
 c - 8 rations
 z - 3 chunks of flesh


   Skills:
 - Level 3.6 Fighting
 - Level 3.0 Dodging
 + Level 1.8 Stealth
 * Level 4.4 Spellcasting
 - Level 3.3 Conjurations
 - Level 2.1 Transmutations
 - Level 6.0 Earth Magic


You had 4 spell levels left.
You knew the following spells:

 Your Spells              Type           Power        Failure   Level  Hunger
a - Sandblast             Erth           ###...       1%          1    None
b - Passwall              Tmut/Erth      ###.....     4%          2    ##.....
c - Stone Arrow           Conj/Erth      ###...       7%          3    ###....
d - Lee's Rapid Deconstr  Erth           ###.......   34%         5    ######.

Your spell library contained the following spells:

 Spells                   Type           Power        Failure   Level  Hunger
 Beastly Appendage        Tmut           ##....       6%          1    None
 Sticks to Snakes         Tmut           ##......     10%         2    ##.....
 Spider Form              Tmut/Pois      #.........   28%         3    ###....
 Petrify                  Tmut/Erth      ###.....     28%         4    ####...
 Ice Form                 Ice/Tmut       #.......     67%         4    ####...
 Blade Hands              Tmut           ##........   87%         5    ######.


Dungeon Overview and Level Annotations

Branches:
Dungeon (5/15)
 Temple: D:4-7

Altars:
Wu Jian

Annotations:
D:5 Pikel


Innate Abilities, Weirdness & Mutations

You can spit globs of acid.
Your golden yellow scales are hard. (AC +6)
You cannot fit into any form of body armour.
You are cold-blooded and may be slowed by cold attacks.
You are resistant to acid. (rCorr)


Message History

Pikel is almost dead.
b - 181 stones Pikel hits you with a +2 whip of freezing.
* * * LOW HITPOINT WARNING * * *
You feel yourself slow down. Pikel freezes you.
* * * LOW HITPOINT WARNING * * *
The slave barely misses you.
Okay, then.
Evoke which item? (* to show all) (? for menu, Esc to quit)
Okay, then.
You hit Pikel but do no damage.
Pikel is poisoned.
Pikel is almost dead.
Pikel hits you with a +2 whip of freezing!
* * * LOW HITPOINT WARNING * * *
You feel as though you will be slow longer.
Pikel freezes you.
* * * LOW HITPOINT WARNING * * *
The slave closely misses you.
Pikel hits you with a +2 whip of freezing.
You die...

..........##.###.#.########
..........##.....#.#
..........########.##############
#######+#........................
#.#.########.##############
#######p.........................
....[.....#######.###############
#########.#.........#
#########...##..@...#
...............pK...#
#########...........#############
.....................>...........
#.########..#.........##########.
..###.# #.........##.....# #.
[.....# #..............#.######.
..###.# #.#.###.#'####.#........
..# #.####.#...#.....##.#########


You could see Pikel and a slave.

Vanquished Creatures
  Grinder (D:3)
  Prince Ribbit (D:5)
  A phantom (D:4)
  3 slaves (D:5)
  An ogre (D:4)
  A centaur (D:5)
  An orc priest (D:4)
  A gnoll shaman (D:3)
  Jessica (D:2)
  2 worker ants
  A hound zombie (D:5)
  6 gnolls
  5 adders
  A shadow imp (D:5)
  2 oozes
  A worm (D:2)
  2 leopard geckos (D:2)
  18 orcs
  3 bats (D:3)
  2 giant cockroaches (D:3)
  A goblin (D:1)
  4 hobgoblins
  10 jackals
  A quokka (D:4)
  A ball python (D:4)
  A frilled lizard (D:5)
  6 kobolds
  A quokka skeleton (D:5)
  2 rats (D:1)
81 creatures vanquished.

Notes
Turn   | Place    | Note
-------+----------+-------------------------------------------
     0 | D:1      | Folque the Draconian Earth Elementalist began the quest for
                  | the Orb.
     0 | D:1      | Reached XP level 1. HP: 14/14 MP: 3/3
   131 | D:1      | Reached XP level 2. HP: 11/22 MP: 1/5
   132 | D:1      | Reached skill level 1 in Fighting
   196 | D:1      | Learned a level 2 spell: Passwall
   256 | D:2      | HP: 1/23 [leopard gecko (3)]
   729 | D:2      | Reached XP level 3. HP: 20/29 MP: 1/6
   798 | D:2      | Noticed Jessica
   802 | D:2      | Killed Jessica
   811 | D:2      | Learned a level 3 spell: Stone Arrow
  1105 | D:2      | Reached XP level 4. HP: 37/37 MP: 2/8
  1450 | D:3      | Noticed Grinder
  1487 | D:3      | Paralysed by Grinder for 2 turns
  1490 | D:3      | Killed Grinder
  1490 | D:3      | Reached skill level 4 in Earth Magic
  1490 | D:3      | Reached XP level 5. HP: 25/42 MP: 1/10
  1490 | D:3      | Reached XP level 6. HP: 29/50 MP: 1/11
  1497 | D:3      | Learned a level 5 spell: Lee's Rapid Deconstruction
  2340 | D:4      | Found an ornate altar of the Wu Jian Council.
  2580 | D:3      | Your scales start taking on a golden yellow colour.
  2580 | D:3      | Reached XP level 7. HP: 41/56 MP: 6/13
  2580 | D:3      | Gained mutation: You are resistant to acid. (rCorr) [Yellow
                  | Draconian growth]
  2701 | D:4      | Reached skill level 5 in Earth Magic
  3307 | D:5      | Entered Level 5 of the Dungeon
  3616 | D:5      | Noticed Prince Ribbit
  3627 | D:5      | Killed Prince Ribbit
  3965 | D:5      | Got a fine hand axe
  3966 | D:5      | Identified the cursed +3 hand axe of Pandemonium {chop, rC-
                  | Str+2 Dex+3} (You found it on level 5 of the Dungeon)
  4227 | D:5      | Reached skill level 6 in Earth Magic
  4250 | D:5      | Reached XP level 8. HP: 29/64 MP: 3/14
  4605 | D:5      | Noticed Pikel
  4826 | D:5      | Slain by Pikel

Skill      XL: |  1  2  3  4  5  6  7 |
---------------+----------------------+-----
Fighting       | 1 2 3 |  3.6
Spellcasting   | 3 4 |  4.4
Conjurations   | 2 3 |  3.3
Earth Magic    | 4 6 |  6.0
Dodging        | 2 3 |  3.0
Transmutations | 2 |  2.1
Stealth        | |  1.8

Action                   |  1- 3 |  4- 6 |  7- 9 || total
-------------------------+-------+-------+-------++-------
Melee: Unarmed           |    29 |       |       ||    29
       Tailslap          |     7 |     8 |    12 ||    27
       Dagger            |    28 |    85 |   105 ||   218
 Cast: Sandblast         |    17 |    14 |    24 ||    55
       Passwall          |     2 |       |       ||     2
       Stone Arrow       |     1 |     8 |    22 ||    31
       Lee's Rapid Decon |       |       |     3 ||     3
Evoke: Wand              |       |       |     1 ||     1
  Use: Potion            |     2 |     1 |     1 ||     4
       Scroll            |     1 |       |     1 ||     2
  Eat: Chunk             |     1 |     5 |     8 ||    14
       Ration            |       |       |     1 ||     1
Armor: Skin              |    24 |    20 |    25 ||    69
Dodge: Dodged            |    53 |    36 |    79 ||   168
